 Dungeon Crawl Stone Soup version 0.23-a0-319-gb40ba49 (webtiles) character file.

6711 George the Basher (level 11, -7/69 HPs)
             Began as a Gargoyle Fighter on Oct 14, 2018.
             Was a Believer of Makhleb.
             Killed from afar by a fire dragon (30 damage)
             ... with a blast of flame
             ... on level 9 of the Dungeon.
             The game lasted 00:12:50 (8740 turns).

George the Basher (Gargoyle Fighter)                Turns: 8740, Time: 00:12:52

Health: -7/69      AC: 23    Str: 22    XL:     11   Next: 3%
Magic:  14/15      EV:  5    Int:  7    God:    Makhleb [**....]
Gold:   223        SH: 11    Dex:  9    Spells: 10/10 levels left

rFire    . . .     SeeInvis .   C - +1 flail of the Mushroom {speed, rN++ Int-3}
rCold    . . .     Gourm    .   c - +0 shield
rNeg     + + +     Faith    .   p - +0 plate armour
rPois    ∞         Spirit   .   j - +0 helmet
rElec    +         Reflect  .   (no cloak)
rCorr    .         Harm     .   (no gloves)
MR       .....                  (no boots)
Stlth    ..........             (no amulet)
HPRegen  0.21/turn              e - ring of positive energy
MPRegen  0.14/turn              v - ring of stealth

@: no status effects
A: negative energy resistance 1, electricity resistance, unbreathing,
petrification resistance, rot immunity, AC +8
a: Minor Destruction, Renounce Religion


You were on level 9 of the Dungeon.
You worshipped Makhleb.
Makhleb was pleased with you.
You were hungry.

You visited 2 branches of the dungeon, and saw 10 of its levels.

You collected 486 gold pieces.
You spent 263 gold pieces at shops.

Inventory:

Hand Weapons
 C - the +1 flail of the Mushroom (weapon) {speed, rN++ Int-3}
   (You bought it in a shop on level 8 of the Dungeon)

   Attacks with this weapon are significantly faster.
   It affects your intelligence (-3).
   It greatly protects you from negative energy.
Armour
 c - a +0 shield (worn)
 j - a +0 helmet (worn)
 p - a +0 plate armour (worn)
Jewellery
 e - a ring of positive energy (left hand)
 v - a ring of stealth (right hand)
Wands
 l - a wand of paralysis (24)
 s - a wand of disintegration (17)
 A - a wand of random effects (34)
Scrolls
 a - 2 scrolls of enchant weapon {unknown}
 i - a scroll of fog {unknown}
 k - 3 scrolls of immolation {unknown}
 q - 3 scrolls of blinking
 r - a scroll of vulnerability {unknown}
 t - a scroll of noise {unknown}
 u - a scroll of identify
 x - 4 scrolls of silence {unknown}
 y - 3 scrolls of remove curse
 B - a scroll of teleportation
Potions
 b - 7 potions of flight
 d - 5 potions of might
 g - 4 potions of mutation
 h - a potion of magic
 m - a potion of heal wounds
 n - 8 potions of curing
 o - a potion of invisibility
 z - a potion of haste
Comestibles
 f - 22 rations


   Skills:
 + Level 8.4 Fighting
 * Level 10.1 Maces & Flails
 + Level 8.4 Armour
 + Level 8.4 Shields
 + Level 5.4 Invocations


You had 10 spell levels left.
You didn't know any spells.
Your spell library contained the following spells:

 Spells                   Type           Power        Failure   Level  Hunger
 Magic Dart               Conj           #...         100%        1    ##.....
 Searing Ray              Conj           #.....       100%        2    ###....
 Dazzling Spray           Conj/Hex       #.....       100%        3    ####...
 Force Lance              Conj/Tloc      #.......     100%        4    #####..
 Fulminant Prism          Conj/Hex       #.........   100%        4    #####..
 Iskenderun's Mystic Bla  Conj           #.......     100%        4    #####..


Dungeon Overview and Level Annotations

Branches:
Dungeon (9/15)             Temple (1/1) D:7             Orc (0/2) D:9
   Lair: D:8-11

Altars:
Ashenzari
Cheibriados
Dithmenos
Elyvilon
Fedhas
Gozag
Hepliaklqana
Kikubaaqudgha
Makhleb
Nemelex Xobeh
Okawaru
Qazlal
Ru
Sif Muna
Trog
Uskayaw
Vehumet
Wu Jian
Xom
Yredelemnul
Zin
The Shining One

Shops:
D:7 =   D:8 (

Annotations:
D:2 dig


Innate Abilities, Weirdness & Mutations

You are resistant to torment.
Your stone body is resilient. (AC +8)
You are immune to poison.
You resist negative energy. (rN+)
You are resistant to electric shocks. (rElec)
You can survive without breathing.
You are immune to petrification.
You are immune to rotting.


Message History

You hit the yak but do no damage.
The yak is severely wounded.
The yak gores you.
You sock the yak!
You kill the yak!
Makhleb accepts your kill.
You can now harness Makhleb's destructive might.
Evoke which item? (* to show all) (? for menu, Esc to quit)
Aiming: Paralyse
Press: ? - help, Shift-Dir - straight line, f/p - fire dragon
Aim: a fire dragon (lightly wounded, chance to defeat MR: 15%)
Okay, then.
Evoke which item? (* to show all) (? for menu, Esc to quit)
Aiming: Disintegrate
Press: ? - help, Shift-Dir - straight line, f/p - fire dragon
Aim: a fire dragon (lightly wounded, chance to defeat MR: 30%)
The fire dragon easily resists.
The fire dragon breathes flames at you. The blast of flame hits you!
You die...

#.# ### # #.####
# #....# # ####.#
# ##.# ...### .
#..# #..... ...
######.## #..###
.....#####......#
...#
......D†@..######
#.. .......#####
### ?....## ...
.... .... ..#
#### #


You could see a fire dragon.

Vanquished Creatures
  A hydra (D:8)
  A two-headed ogre (D:8)
  A deep elf mage (D:7)
  A centaur skeleton (D:8)
  A troll (D:9)
  2 hippogriffs
  A hungry ghost (D:8)
  6 yaks (D:9)
  4 ice beasts
  3 sky beasts
  A black bear (D:7)
  2 phantoms
  A hornet zombie (D:6)
  4 ogres
  A centaur (D:7)
  A big kobold (D:7)
  2 bullfrogs
  A wyvern zombie (D:8)
  2 scorpions (D:4)
  7 crimson imps
  A centaur zombie (D:5)
  A quasit (D:6)
  5 orc priests
  5 hounds
  A jelly (D:5)
  3 bullfrog skeletons
  6 orc wizards
  6 iguanas
  Terence (D:3)
  6 worker ants
  A hound zombie (D:8)
  4 gnolls (D:6)
  8 adders
  2 shadow imps
  An ooze (D:1)
  An adder skeleton (D:4)
  An adder zombie (D:8)
  2 worms
  4 leopard geckos
  21 orcs
  3 giant cockroaches
  4 goblins
  7 hobgoblins
  2 jackals (D:1)
  5 quokkas
  A ball python (D:1)
  6 bats
  6 frilled lizards
  2 jackal skeletons (D:5)
  9 kobolds
  2 leopard gecko skeletons
  3 quokka skeletons
  10 rats
183 creatures vanquished.

Notes
Turn   | Place    | Note
-------+----------+-------------------------------------------
     0 | D:1      | George the Gargoyle Fighter began the quest for the Orb.
     0 | D:1      | Reached XP level 1. HP: 14/14 MP: 1/1
   315 | D:1      | Reached XP level 2. HP: 19/19 MP: 2/2
   638 | D:1      | Reached XP level 3. HP: 23/23 MP: 3/3
  1561 | D:3      | Reached skill level 3 in Maces & Flails
  1561 | D:3      | Reached XP level 4. HP: 29/29 MP: 4/4
  1882 | D:3      | Noticed Terence
  1893 | D:3      | Killed Terence
  1893 | D:3      | Reached XP level 5. HP: 26/33 MP: 5/5
  2037 | D:3      | HP: 1/33 [orc wizard/puff of flame (9)]
  2720 | D:4      | Reached skill level 4 in Maces & Flails
  2720 | D:4      | Reached XP level 6. HP: 23/38 MP: 6/6
  3016 | D:4      | Reached XP level 7. HP: 7/44 MP: 7/7
  3333 | D:4      | Reached skill level 5 in Maces & Flails
  3741 | D:5      | Entered Level 5 of the Dungeon
  3775 | D:5      | Reached skill level 5 in Fighting
  3775 | D:5      | Reached skill level 5 in Armour
  3775 | D:5      | Reached skill level 5 in Shields
  3916 | D:5      | Found a blossoming altar of Fedhas.
  4194 | D:5      | Reached XP level 8. HP: 46/49 MP: 8/8
  4294 | D:5      | Reached skill level 6 in Maces & Flails
  4503 | D:6      | HP: 1/50 [orc wizard/magic dart (8)]
  4518 | D:5      | HP: 2/50 [leopard gecko (1)]
  5327 | D:7      | Reached skill level 7 in Maces & Flails
  5348 | D:7      | Found a staircase to the Ecumenical Temple.
  5452 | Temple   | Entered the Ecumenical Temple
  5546 | Temple   | Became a worshipper of Makhleb the Destroyer
  5750 | D:7      | Reached skill level 1 in Invocations
  5750 | D:7      | Reached XP level 9. HP: 55/55 MP: 9/9
  5805 | D:7      | Noticed a deep elf mage
  5810 | D:7      | Killed a deep elf mage
  6028 | D:7      | Found Toschu's Jewellery Boutique.
  6222 | D:7      | Reached skill level 8 in Maces & Flails
  6831 | D:8      | Noticed a two-headed ogre
  6849 | D:8      | Killed a two-headed ogre
  6849 | D:8      | Reached XP level 10. HP: 43/63 MP: 12/12
  6909 | D:8      | Reached skill level 9 in Maces & Flails
  6911 | D:8      | Reached * piety under Makhleb
  6937 | D:8      | Found Noaxt's Antique Weapon Shoppe.
  7058 | D:8      | Bought a translucent flail for 263 gold pieces
  7058 | D:8      | Identified the +1 flail of the Mushroom {speed, rN++ Int-3}
                  | (You bought it in a shop on level 8 of the Dungeon)
  7480 | D:8      | Noticed an eight-headed hydra
  7502 | D:8      | Killed an eight-headed hydra
  8121 | D:9      | Reached skill level 5 in Invocations
  8138 | D:9      | Found a shimmering altar of Xom.
  8523 | D:9      | Found a staircase to the Orcish Mines.
  8702 | D:9      | Reached skill level 10 in Maces & Flails
  8722 | D:9      | Noticed a fire dragon
  8729 | D:9      | Reached XP level 11. HP: 54/69 MP: 13/15
  8739 | D:9      | Reached ** piety under Makhleb
  8740 | D:9      | Killed from afar by a fire dragon

Vault maps used:
D:1:      dpeg_arrival_ratfight
D:2:      due_unseen_surprise
D:3:      first_ration, minmay_misc_feat_iff, fountainhead, uniq_terence
D:5:      cheibrodos_helix_gallery, fedhas_altar_1
D:7:      temple_green, serial_shops, nicolae_shop_behind_doors,
          grunt_ogre_cave, hangedman_decor_diamond_cutter,
          guppyfry_early_elven_hall
D:8:      serial_shops, nicolae_shop_overgrown_old_shop,
          kennysheep_generic_room_10
D:9:      dragon1_lemuel, orc_0_dummy, basic_altar
Temple:   kilobyte_greek_temple

Skill      XL: |  1  2  3  4  5  6  7  8  9 10 |
---------------+-------------------------------+-----
Maces & Flails | 3 4 5 7 8 10 | 10.1
Shields        | 4 5 6 7 8 |  8.4
Fighting       | 4 5 6 7 8 |  8.4
Armour         | 4 5 6 7 8 |  8.4
Invocations    | 1 3 5 |  5.4

Action                   |  1- 3 |  4- 6 |  7- 9 | 10-12 || total
-------------------------+-------+-------+-------+-------++-------
Melee: Flail             |   176 |    99 |       |   215 ||   490
       Morningstar       |       |   109 |   411 |    98 ||   618
Evoke: Wand              |       |       |     1 |     5 ||     6
  Use: Scroll            |     6 |     2 |     1 |     4 ||    13
 Stab: Distracted        |       |       |       |     1 ||     1
  Eat: Chunk             |     2 |     5 |     9 |    10 ||    26
       Ration            |       |       |     1 |     5 ||     6
Armor: Scale mail        |    77 |       |       |       ||    77
       Plate armour      |    51 |   251 |   396 |   211 ||   909
Dodge: Dodged            |    43 |    51 |    80 |    51 ||   225
Block: Shield            |   107 |   143 |   285 |   147 ||   682

Table legend:
 A = Non-vault XP
 B = Vault XP
 C = Vault XP percentage of total XP
 D = Non-vault monster count
 E = Vault monster count
 F = Vault count percentage of total count
                 A         B        C        D         E       F
            +---------+---------+-------+---------+---------+-------
      Total |    8705 |     883 |   9.2 |     173 |      10 |   5.5
            +---------+---------+-------+---------+---------+-------
        D:1 |      29 |       5 |  14.7 |      16 |       5 |  23.8
        D:2 |      41 |       0 |   0.0 |      17 |       0 |   0.0
        D:3 |     126 |      36 |  22.2 |      20 |       1 |   4.8
        D:4 |     568 |       0 |   0.0 |      24 |       0 |   0.0
        D:5 |     345 |     189 |  35.4 |      15 |       2 |  11.8
        D:6 |     521 |       0 |   0.0 |      14 |       0 |   0.0
        D:7 |    1385 |     653 |  32.0 |      22 |       2 |   8.3
        D:8 |    3401 |       0 |   0.0 |      26 |       0 |   0.0
        D:9 |    2289 |       0 |   0.0 |      19 |       0 |   0.0
            +---------+---------+-------+---------+---------+-------
